 Dungeon Crawl Stone Soup version 0.31-a0-236-g9a0961fb85 (webtiles) character file.

Game seed: 15306398330594277911

72 qw the Shooter (level 4, 0/26 HPs)
             Began as a Gargoyle Hexslinger on July 10, 2023.
             Slain by an orc
             ... wielding a +0 short sword
              (3 damage)
             ... on level 3 of the Dungeon.
             The game lasted 00:00:36 (1316 turns).

qw the Shooter (Gargoyle Hexslinger)                Turns: 1316, Time: 00:00:36

Health: 0/26       AC:  8    Str: 12    XL:     4   Next: 25%
Magic:  5/5        EV: 15    Int: 13    God:
Gold:   207        SH:  0    Dex: 14    Spells: 4/5 levels left

rFire   . . .        Y - +1 sling
rCold   . . .        (no shield)
rNeg    + . .        i - +0 ring mail
rPois   inf          (no helmet)
rElec   +            (no cloak)
rCorr   .            (no gloves)
SInv    .            (no boots)
Will    .....        (no amulet)
Stlth   +            e - +5 ring of evasion
HPRegen 0.24/turn    (no ring)
MPRegen 0.09/turn

%: no passive effects
@: no status effects
A: sickness immunity, AC +3, negative energy resistance 1, electricity
resistance, torment resistance 1, petrification resistance
a: no special abilities


You were on level 3 of the Dungeon.
You visited 1 branch of the dungeon, and saw 3 of its levels.

You collected 567 gold pieces.
You spent 360 gold pieces at shops.


Innate Abilities, Weirdness & Mutations

You are immune to sickness and miasma.
Your stone body is resilient. (AC +3)
You are immune to poison.
You resist negative energy. (rN+)
You are resistant to electric shocks. (rElec)
You are resistant to unholy torment.
You are immune to petrification.


   Skills:
 - Level 2.2 Fighting
 + Level 3.9 Ranged Weapons
 - Level 1.5 Dodging
 - Level 1.0 Spellcasting
 - Level 2.6 Hexes


You had 4 spell levels left.
You knew the following spells:

 Your Spells              Type           Power      Damage    Failure   Level
a - Slow                  Hex            28%        N/A       22%         1

Your spell library contained the following spells:

 Spells                   Type           Power      Damage    Failure   Level
 Inner Flame              Hex/Fire       4%         N/A       73%         3
 Portal Projectile        Hex/Tloc       8%         N/A       73%         3
 Cause Fear               Hex            3%         N/A       91%         4

Inventory:

Hand Weapons
 Y - a +1 sling (weapon)
Armour
 c - the +0 leather armour "Bamyffah" {+Inv Will+ MP-9 Str+3}
   (You found it on level 3 of the Dungeon)

   Str:       It affects your strength (+3).
   MP:        It affects your magic capacity (-9).
   +Inv:      It lets you turn invisible.
   Will:      It increases your willpower.
 i - a +0 ring mail (worn)
Jewellery
 e - a +5 ring of evasion (left hand)
Potions
 a - a potion of degeneration {unknown}
 b - a potion of enlightenment
 d - a potion of mutation {unknown}
 f - a potion of curing

Dungeon Overview and Level Annotations

Branches:
Dungeon (3/15)

Altars:
Zin

Shops:
D:2 =


Message History

You shoot a sling bullet.
The sling bullet hits the orc but does no damage.
The orc hits you with a +0 dagger. The orc hits you but does no damage.
The orc hits you with a +0 flail!
You shoot a sling bullet. The sling bullet barely misses the orc.
The orc hits you but does no damage. The orc hits you with a +0 flail.
The orc closely misses you.
You shoot a sling bullet.
The sling bullet closely misses the orc.
The orc hits you but does no damage. The orc misses you.
The orc barely misses you. x2; The orc hits you but does no damage.
The orc closely misses you.
You shoot a sling bullet. The sling bullet hits the orc.
The orc is lightly wounded.
The orc hits you but does no damage. The orc misses you. x2
You shoot a sling bullet. The sling bullet hits the orc.
The orc is heavily wounded.
The orc misses you. The orc barely misses you. The orc completely misses you.
You shoot a sling bullet.
The sling bullet hits the orc but does no damage.
The orc is heavily wounded.
The orc misses you. The orc hits you with a +0 flail.
The orc barely misses you. The orc hits you but does no damage.
The orc completely misses you. The orc barely misses you.
You shoot a sling bullet. The sling bullet hits the orc.
You kill the orc!
The orc barely misses you. The orc completely misses you.
You shoot a sling bullet. The sling bullet hits the orc.
The orc is severely wounded.
The orc hits you but does no damage. The orc hits you with a +0 short sword.
The orc barely misses you. The orc misses you.
You shoot a sling bullet. The sling bullet barely misses the orc.
The orc hits you with a +0 dagger. The orc completely misses you.
You shoot a sling bullet. The sling bullet hits the orc.
You kill the orc!
The orc misses you.
You shoot a sling bullet.
The sling bullet hits the orc but does no damage.
The orc hits you with a +0 short sword. x2
You die...

#....#..
#....#.#
###....#.#
........
#.....#
#.....# .#
#..)o)# ...
#...@.# #.#
######..##
#..###......##
#.......##.#
##......##.#
#....####.#
#.##...##.# ..
#.#.##.# ..
#.#.##.#


You could see an orc.

Vanquished Creatures
  Natasha (D:3)
  An adder (D:2)
  A dart slug (D:2)
  4 orcs (D:3)
  4 endoplasms
  2 goblins (D:2)
  4 hobgoblins
  2 jackals (D:1)
  A quokka (D:2)
  7 bats
  A frilled lizard (D:2)
  2 rats (D:2)
30 creatures vanquished.

Notes
Turn   | Place    | Note
-------+----------+-------------------------------------------
     0 | D:1      | qw the Gargoyle Hexslinger began the quest for the Orb.
     0 | D:1      | Reached XP level 1. HP: 12/12 MP: 2/2
     0 | D:1      | 0 ||| qw: Version: 0.3-a-52-g30416fa
     0 | D:1      | 0 ||| qw: Game counter: 4690
     0 | D:1      | 0 ||| qw: Melee chars always use a shield: true
     0 | D:1      | 0 ||| qw: God list: Okawaru
     0 | D:1      | 0 ||| qw: Allow faded altars: false
     0 | D:1      | 0 ||| qw: Do Orc after clearing Dungeon:15 true
     0 | D:1      | 0 ||| qw: Do second Lair branch before Depths: true
     0 | D:1      | 0 ||| qw: Lair rune preference: random
     0 | D:1      | 0 ||| qw: Goals: Normal
     0 | D:1      | 0 ||| PLANNING D:1-11
   269 | D:1      | Reached XP level 2. HP: 16/16 MP: 3/3
   671 | D:1      | 671 ||| UPGRADING to +0 ring mail.
   681 | D:1      | 681 ||| DROPPING +0 robe.
   682 | D:1      | 682 ||| READING scroll labelled XONAOM TYEFISM.
   683 | D:1      | 683 ||| READING scroll labelled SIUPHA SEMATOI.
   684 | D:1      | 684 ||| READING scroll labelled IDUNKE WESEKLA.
   685 | D:1      | 685 ||| READING scroll labelled TYMANADESI.
   685 | D:1      | Identified a scroll of acquirement
   685 | D:1      | 685 ||| ACQUIRING 476 gold pieces
   685 | D:1      | Acquired 476 gold pieces
   687 | D:1      | 687 ||| READING scroll labelled JIH USAQOOZ BESH.
   688 | D:1      | 688 ||| READING scroll labelled VETUMIN ONUSU.
   689 | D:1      | 689 ||| DRINKING 4 glowing ruby potions.
   690 | D:1      | 690 ||| DROPPING scroll of poison.
   691 | D:1      | 691 ||| DROPPING 3 potions of brilliance.
   703 | D:2      | Reached skill level 3 in Ranged Weapons
   711 | D:2      | Found a faded altar of an unknown god.
   794 | D:2      | Reached XP level 3. HP: 21/21 MP: 4/4
   877 | D:2      | Found Seur's Jewellery Boutique.
   886 | D:2      | 886 ||| BUYING +5 ring of evasion (360 gold).
   886 | D:2      | Bought a +5 ring of evasion for 360 gold pieces
   886 | D:2      | 886 ||| SHOPLISTING amulet of Vitality {RegenMP++ Regen++}
                  | (1000 gold, have 192).
   886 | D:2      | 886 ||| SHOPLISTING ring of fire (250 gold, have 192).
   886 | D:2      | 886 ||| SHOPLISTING ring of ice (250 gold, have 192).
   886 | D:2      | 886 ||| SHOPLISTING ring of protection from cold (250 gold,
                  | have 192).
   886 | D:2      | 886 ||| SHOPLISTING ring of protection from fire (250 gold,
                  | have 192).
  1075 | D:2      | Found a glowing silver altar of Zin.
  1170 | D:2      | 1170 ||| UPGRADING to +5 ring of evasion.
  1171 | D:2      | 1171 ||| READING scroll labelled CONKIKH ZAUKH.
  1172 | D:2      | 1172 ||| READING scroll labelled WUFRETHR HIEKO.
  1177 | D:2      | 1177 ||| READING scroll labelled MOXOEL GUCET.
  1178 | D:2      | 1178 ||| DRINKING 2 blue potions.
  1179 | D:2      | 1179 ||| DRINKING 2 amethyst potions.
  1180 | D:2      | 1180 ||| DRINKING 2 ruby potions.
  1181 | D:2      | 1181 ||| DROPPING potion of attraction.
  1205 | D:3      | Noticed Natasha
  1223 | D:3      | Killed Natasha
  1224 | D:3      | Reached XP level 4. HP: 13/26 MP: 5/5
  1283 | D:3      | Identified the +0 leather armour "Bamyffah" {+Inv Will+
                  | MP-9 Str+3}
  1313 | D:3      | HP: 6/26 [orc/+0 short sword (2)]
  1316 | D:3      | Slain by an orc

Levels and vault maps discovered:
D:1:      lightli_arrival_flooded_house, layout_basic, minmay_curled_crystal,
          nicolae_the_louvre
D:2:      layout_basic, ebering_ecumenical_altar_webs, basic_altar,
          serial_shops, nicolae_lakefront_shop
D:3:      layout_rooms, st_stairs_2, uniq_sigmund, uniq_natasha

Skill      XL: |  1  2 |
---------------+-------+-----
Ranged Weapons | 3 |  3.9
Fighting       | 2 |  2.2
Dodging        | |  1.5
Spellcasting   | |  1.0
Hexes          | |  2.6

Action                     |  1- 3 |  4- 6 || total
---------------------------+-------+-------++-------
   Fire: Sling             |    89 |    26 ||   115
    Use: Scroll            |     9 |       ||     9
         Potion            |     4 |       ||     4
 Armour: Ring mail         |    18 |    14 ||    32
         Robe              |     2 |       ||     2
  Dodge: Dodged            |    30 |    36 ||    66

Table legend:
 A = Non-vault XP
 B = Vault XP
 C = Vault XP percentage of total XP
 D = Non-vault monster count
 E = Vault monster count
 F = Vault count percentage of total count
                 A         B        C        D         E       F
            +---------+---------+-------+---------+---------+-------
      Total |      67 |      36 |  35.0 |      29 |       1 |   3.3
            +---------+---------+-------+---------+---------+-------
        D:1 |      16 |       0 |   0.0 |       9 |       0 |   0.0
        D:2 |      38 |       0 |   0.0 |      15 |       0 |   0.0
        D:3 |      13 |      36 |  73.5 |       5 |       1 |  16.7
            +---------+---------+-------+---------+---------+-------
